 Dungeon Crawl Stone Soup version 0.28-a0-1629-gf728b707aa (webtiles) character file.

Game seed: 5226531392301700324

26 glarfugus the Chiller (level 3, 0/24 HPs)
             Began as a Human Ice Elementalist on Jan 24, 2022.
             Was a Believer of Uskayaw.
             Succumbed to an adder's poison
             ... on level 2 of the Dungeon.
             The game lasted 00:04:49 (1032 turns).

glarfugus the Chiller (Human Ice Elementalist)      Turns: 1032, Time: 00:04:49

Health: 0/24       AC:  2    Str:  8    XL:     3   Next: 22%
Magic:  0/6        EV: 12    Int: 17    God:    Uskayaw [**....]
Gold:   64         SH:  0    Dex: 13    Spells: 5/6 levels left

rFire   . . .      SeeInvis .   g - staff of poison
rCold   . . .      Faith    .   (no shield)
rNeg    . . .      Spirit   .   a - +0 robe
rPois   +          Reflect  .   (no helmet)
rElec   .          Harm     .   (no cloak)
rCorr   .          Rampage  .   (no gloves)
Will    .....                   (no boots)
Stlth   ++........              (no amulet)
HPRegen 0.08/turn               (no ring)
MPRegen 0.10/turn               (no ring)

@: lethally poisoned (0 -> -7), hasted, very quick
A: no striking features
a: Renounce Religion, Stomp, Line Pass


You were on level 2 of the Dungeon.
You worshipped Uskayaw.
Uskayaw was noncommittal.
You visited 1 branch of the dungeon, and saw 2 of its levels.

You collected 64 gold pieces.

Inventory:

Hand Weapons
 b - a +1 war axe
Armour
 a - a +0 robe (worn)
Magical Staves
 g - a staff of poison (weapon)
Scrolls
 h - a scroll of vulnerability {unknown}
 i - a scroll of identify {unknown}
Potions
 e - a potion of haste


   Skills:
 + Level 0.4 Axes
 + Level 2.0 Dodging
 + Level 2.1 Stealth
 + Level 2.4 Spellcasting
 + Level 4.4 Ice Magic


You had 5 spell levels left.
You knew the following spells:

 Your Spells              Type           Power      Damage    Failure   Level
a - Freeze                Ice            68%        1d8       3%          1

Your spell library contained the following spells:

 Spells                   Type           Power      Damage    Failure   Level
 Frozen Ramparts          Ice            34%        1d5       9%          3
 Ozocubu's Armour         Ice            17%        N/A       9%          3
 Hailstorm                Conj/Ice       9%         3d4       58%         4


Dungeon Overview and Level Annotations

Branches:
Dungeon (2/15)

Altars:
Uskayaw


Message History

i - a scroll labelled BEOMOAB GAFUOTSO The adder bites you.
* * * LOW HITPOINT WARNING * * *
You feel better. The adder bites you.
You barely miss the adder.
The adder is moderately wounded.
The adder bites you.
You are poisoned.
The adder poisons you!
Casting: Freeze (safe; 3% risk of failure)
Confirm with . or Enter, or press ? or * to list all spells.
Aiming: Freeze (safe; 3% risk of failure)
Press: ? - help, Shift-Dir - straight line, f - adder
Aim: an adder (moderately wounded)
You freeze the adder.
The adder is severely wounded.
The adder seems to slow down.
You feel sick. The giant cockroach barely misses you. The adder misses you.
You can now pass through a line of other dancers.
Okay, then.
Okay, then.
As you read the scroll labelled EXIRPH ATRARPH, it crumbles to dust.
It is a scroll of amnesia.
Forget Freeze, freeing 1 spell level for a total of 6?
Really abort (and waste the scroll)?
Okay, then.
You feel sick.
The giant cockroach bites you but does no damage.
Okay, then.
As you read the scroll labelled YTIERO EHENEIPN, it crumbles to dust.
It is a scroll of enchant weapon.
Your +0 war axe glows red for a moment.
You feel sick. The adder bites you.
* * * LOW HITPOINT WARNING * * *
You are lethally poisoned!
The adder poisons you!
The giant cockroach bites you but does no damage.
Okay, then.
* * * LOW HITPOINT WARNING * * *
You feel sick.
You die...

###### . ....> .# ###..######
.# #.........
.####.#.....###########
.#...>......)..r...)...
..<.........##SB..b##
...##.#.....##..@..# .#.#
...+....†..###....## $...
...##.##...# #....# ##..#
...##.###+## #....# #... .
...##.# #.# ##########.# ..
...##r# #.# #####....# (..
#####.# #.# #........# $.(#
..# #K# #.######........#
..?..
#.###.###...............#...#


You could see an adder (slow), a giant cockroach, a bat (asleep) and a rat.

Vanquished Creatures
  An adder (D:2)
  3 ball pythons
  2 endoplasms (D:1)
  A goblin (D:1)
  2 hobgoblins
  2 quokkas (D:1)
  A bat (D:1)
  2 kobolds
  2 rats (D:2)
16 creatures vanquished.

Notes
Turn   | Place    | Note
-------+----------+-------------------------------------------
     0 | D:1      | glarfugus the Human Ice Elementalist began the quest for
                  | the Orb.
     0 | D:1      | Reached XP level 1. HP: 13/13 MP: 3/3
   202 | D:1      | Reached XP level 2. HP: 17/19 MP: 1/5
   795 | D:1      | Found a faded altar of an unknown god.
   798 | D:1      | Prayed at the altar of an unknown god.
   798 | D:1      | Became a worshipper of Uskayaw the Reveller
   798 | D:1      | Reached * piety under Uskayaw
   975 | D:2      | Reached ** piety under Uskayaw
   978 | D:2      | Reached XP level 3. HP: 23/24 MP: 1/6
  1031 | D:2      | HP: 1/24 [poisoned by an adder]
  1032 | D:2      | Succumbed to an adder's poison

Illustrated notes

Levels and vault maps discovered:
D:1:      scummos_arrival_star, layout_basic,
          shapermc_ecumenical_altar_mp_vishouse
D:2:      layout_basic, minmay_circle_x

Action                   || total
-------------------------++-------
Melee: War axe           ||     3
       Staff             ||     3
 Cast: Freeze            ||    22
Invok: Stomp             ||     1
  Use: Potion            ||     3
       Scroll            ||     2
 Stab: Sleeping          ||     1
Armor: Robe              ||     6
Dodge: Dodged            ||    25

Table legend: (Time is in decaauts)
 A = Elapsed time spent in this place.
 B = Non-inter-level travel time spent in this place.
 C = Inter-level travel time spent in this place.
 D = Time resting spent in this place.
 E = Time spent auto-exploring this place.
 F = Levels seen in this place.
 G = Mean time per level.
                   A        B        C        D        E       F      G
               +--------+--------+--------+--------+--------+-----+--------+
         Total |   1027 |   1015 |     12 |      0 |    859 |   2 |  513.5 |
       Dungeon |   1027 |   1015 |     12 |      0 |    859 |   2 |  513.5 |
               +--------+--------+--------+--------+--------+-----+--------+

Top non-repeatable levels by time:
     D:1: 840 daAuts
     D:2: 187 daAuts
